 Dungeon Crawl Stone Soup version 0.22-a0-799-g88f5e90 (webtiles) character file.

115 riteheju the Poker (level 4, -3/34 HPs)
             Began as a Demonspawn Gladiator on July 21, 2018.
             Slain by Crazy Yiuf
             ... wielding a +3 quarterstaff of chaos
              (7 damage)
             ... on level 1 of the Dungeon.
             The game lasted 00:07:02 (2634 turns).

riteheju the Poker (Demonspawn Gladiator)           Turns: 2634, Time: 00:07:02

Health: -3/34      AC:  6    Str: 15    XL:     4   Next: 68%
Magic:  4/4        EV: 13    Int:  9    God:
Gold:   58         SH:  0    Dex: 15    Spells: 3/3 levels left

rFire    . . .     SeeInvis .   a - +0 trident
rCold    . . .     Gourm    .   (no shield)
rNeg     . . .     Faith    .   b - +0 leather armour
rPois    .         Spirit   .   (helmet restricted)
rElec    .         Reflect  .   e - +0 cloak
rCorr    .         Harm     .   (no gloves)
MR       .....                  (no boots)
Stlth    +.........             (no amulet)
HPRegen  0.11/turn              (no ring)
MPRegen  0.09/turn              (no ring)

@: no status effects
A: antennae 1, yellow scales 1
a: no special abilities


You were on level 1 of the Dungeon.
You were hungry.

You visited 1 branch of the dungeon, and saw 2 of its levels.

You collected 58 gold pieces.

Inventory:

Hand Weapons
 a - a +0 trident (weapon)
Missiles
 d - a throwing net (quivered)
Armour
 b - a +0 leather armour (worn)
 c - a +0 helmet
 e - a +0 cloak (worn)
Jewellery
 n - an uncursed ring of flight {unknown}
 o - an uncursed ring of resist corrosion {unknown}
Scrolls
 h - 2 scrolls of teleportation {unknown}
 j - a scroll of identify {unknown}
 k - a scroll of enchant armour {unknown}
 s - a scroll of enchant weapon {unknown}
Potions
 g - a potion of agility
 l - a potion of curing
 m - a potion of invisibility {unknown}
 p - a potion of heal wounds {unknown}
 q - a potion of lignification {unknown}
 r - a potion of magic {unknown}
Comestibles
 f - 5 rations


   Skills:
 * Level 2.5 Fighting
 * Level 3.8 Polearms
 - Level 1.8 Throwing
 + Level 1.0 Armour
 * Level 3.5 Dodging
 + Level 0.3 Stealth


You had 3 spell levels left.
You didn't know any spells.
Your spell library was empty.

Dungeon Overview and Level Annotations

Branches:
Dungeon (2/15)

Altars:
Gozag
Trog

Annotations:
D:1 Crazy Yiuf


Innate Abilities, Weirdness & Mutations

You have a pair of small antennae on your head.
You are partially covered in yellow scales. (AC +2)


Message History

Crazy Yiuf cries, "Gum infinity noodlescoop!"
Crazy Yiuf whimpers, "Rifle Hive mumblescurry!"
You see here a dagger.
Crazy Yiuf says, "Crazy?
Crazy!?
PORCUPINE!"
Crazy Yiuf cries, "Orb rumpyflump ragdoll!"
There is an open door here.
You close the door.
Crazy Yiuf opens the door.
There is a stone staircase leading up here.
You can't go down here!
Crazy Yiuf says, "Shadow poople canine!"
Crazy Yiuf hits you with a quarterstaff of chaos.
You convulse.
* * * LOW HITPOINT WARNING * * *
You climb upwards.
There is a stone staircase leading down here.
Crazy Yiuf hits you with a quarterstaff of chaos!
* * * LOW HITPOINT WARNING * * *
You convulse!
You die...

.......###.#.######
.##..>.......#
.##.#'####.###
.##...## #.#
.......###.#
######..##.# ..#
##.##.#
..#####..#.#######
..'...)........g@#
..######..########
..# #..# ..# #..#
### ##.# # #.#
####### #.#
#.#...###.#
....⌠..##.#


You could see Crazy Yiuf.

Vanquished Creatures
  5 adders (D:2)
  3 worms (D:2)
  3 dart slugs
  A leopard gecko (D:2)
  A ball python (D:1)
  10 bats
  3 giant cockroaches
  5 goblins
  11 hobgoblins
  A jackal (D:2)
  3 frilled lizards
  7 kobolds
  4 rats (D:1)
57 creatures vanquished.

Notes
Turn   | Place    | Note
-------+----------+-------------------------------------------
     0 | D:1      | riteheju the Demonspawn Gladiator began the quest for the Orb.
     0 | D:1      | Reached XP level 1. HP: 16/16 MP: 1/1
   200 | D:1      | Gained mutation: You have a pair of small antennae on your head. [demonic ancestry]
   200 | D:1      | Reached XP level 2. HP: 22/22 MP: 2/2
   880 | D:1      | Reached XP level 3. HP: 27/27 MP: 3/3
  1553 | D:2      | Found a bloodstained altar of Trog.
  1572 | D:2      | Gained mutation: You are partially covered in yellow scales. (AC +2) [demonic ancestry]
  1572 | D:2      | Reached XP level 4. HP: 34/34 MP: 4/4
  1648 | D:2      | Found a runed door.
  1667 | D:2      | Found an opulent altar of Gozag.
  2087 | D:2      | Reached skill level 1 in Armour
  2452 | D:2      | Noticed Crazy Yiuf
  2634 | D:1      | Slain by Crazy Yiuf

Vault maps used:
D:1:      dpeg_cavernosity
D:2:      nicolae_overflow_crystal_walls, lemuel_crystal_altar,
          minmay_tromino_v4_c, uniq_crazy_yiuf_cottage

Skill      XL: |  1  2  3  4 |
---------------+-------------+-----
Dodging        | 3 |  3.5
Polearms       | 3 |  3.8
Armour         | 1 |  1.0
Fighting       | |  2.5
Throwing       | |  1.8
Stealth        | |  0.3

Action                   |  1- 3 |  4- 6 || total
-------------------------+-------+-------++-------
Melee: Trident           |   156 |    76 ||   232
Throw: Throwing net      |     3 |       ||     3
  Use: Potion            |       |     2 ||     2
 Stab: Sleeping          |     1 |     3 ||     4
       Held in net/web   |     1 |     2 ||     3
  Eat: Chunk             |     2 |     3 ||     5
Armor: Leather armour    |    31 |    15 ||    46
Dodge: Dodged            |   101 |    50 ||   151

Table legend:
 A = Spawn XP
 B = Non-spawn XP
 C = Spawn XP percentage of total XP
 D = Spawn monster count
 E = Non-spawn monster count
 F = Spawn count percentage of total count
 G = Total turns spent on level
                    A         B        C        D         E        F      G
               +---------+---------+-------+---------+---------+-------+---------
         Total |       0 |     165 |   0.0 |       0 |      57 |   0.0 |  2634
               +---------+---------+-------+---------+---------+-------+---------
           D:1 |       0 |      47 |   0.0 |       0 |      28 |   0.0 |  1135
           D:2 |       0 |     118 |   0.0 |       0 |      29 |   0.0 |  1499
               +---------+---------+-------+---------+---------+-------+---------
